Unix NetHack Version 3.7.0-88 Work-in-progress - last build Aug 21 2023 04:08:40 (b68ccb3e4f8f5dcb83e1e40b1ff56e7dffd4cd28,branch:master). Game began 2023-09-01 20:15:05, ended 2023-09-02 10:45:45. MargeBouvier, chaotic female orcish Wizard ------- ----.|.|.--- -- ---- |..........| --.--... |..........----- ...... -..<....|.--- ..... |.....).....| .... ----..*.....-- ---.. |..|.|....| |...- - .- -------...-- - .-- ---- ----...-------..- --...[.| -. ..| ---..---..............- |......--- |.--.| |.(@.................- ..-----...--|.||.-- |..a..............| | ...- --...||.||..| --...............--- .... --...||.--..--|.a..............| ....-- ---...%--.....(--........>......-- |.--- |.....[.........................- | |.)..))..)..........(......--....- --.)...-............|...|.----..... --........---....----.---- ---..... ---------- |..--- --- --.| ---- -- MargeBouvier the Thaumaturge St:10 Dx:13 Co:19 In:13 Wi:12 Ch:13 Chaotic Dlvl:6 $:32 HP:0(44) Pw:46(70) AC:1 Exp:7 T:4968 Burdened Latest messages: What do you want to write with? [- ac-enrtvzA-EG-OZ or ?*] You don't have that object. What do you want to write with? [- ac-enrtvzA-EG-OZ or ?*] You write in the dust with your fingertip. The quasit hits! The quasit just misses! The quasit bites! There is an open door here. Something is written here in the dust. You read: "Elbe^eth". What do you want to write with? [- ac-enrtvzA-EG-OZ or ?*] Do you want to add to the current engraving? [ynq] (y) You wipe out the message that was written in the dust here. You write in the dust with your fingertip. The quasit misses! The quasit misses! The quasit bites! The quasit hits! The quasit hits again! The quasit bites! What do you want to write with? [- ac-enrtvzA-EG-OZ or ?*] Do you want to add to the current engraving? [ynq] (y) You wipe out the message that was written in the dust here. You write in the dust with your fingertip. The quasit turns to flee. What do you want to write with? [- ac-enrtvzA-EG-OZ or ?*] You write in the dust with your fingertip. Something is written here in the dust. You read: "Elbereth". You see no objects here. The quasit turns to flee. Something is written here in the dust. You read: "Elbereth". You see no objects here. In what direction? The spell misses the quasit. In what direction? The spell misses the quasit. You climb up the stairs. Pick an object. ( a useful item (pick-axe, key, lamp...) (a can of grease) The soldier ant bites! The soldier ant stings! The soldier ant bites! You die... Do you want your possessions identified? [ynq] (y) Do you want to see your attributes? [ynq] (y) Do you want an account of creatures vanquished? [ynaq] (y) Do you want to see your conduct and achievements? [ynq] (y) Do you want to see the dungeon overview? [ynq] (y) Inventory: Coins $ - 32 gold pieces Weapons r - a +0 crossbow bolt Z - a +0 crossbow E - a +0 aklys a - a blessed +1 quarterstaff (weapon in hands) Armor F - an uncursed +1 pair of high boots (being worn) b - a blessed +0 cloak of magic resistance (being worn) q - an uncursed +0 elven mithril-coat (being worn) Comestibles s - 3 uncursed food rations y - an uncursed lichen corpse Scrolls Q - an uncursed scroll of amnesia o - an uncursed scroll of create monster T - a blessed scroll of enchant armor P - an uncursed scroll of identify u - a cursed scroll of identify Spellbooks Y - an uncursed spellbook of detect monsters R - an uncursed spellbook of remove curse Potions W - a blessed potion of extra healing h - 2 uncursed potions of fruit juice g - an uncursed potion of polymorph S - an uncursed potion of water Rings e - an uncursed ring of free action d - an uncursed +2 ring of gain constitution (on right hand) Wands K - a wand of create monster (0:10) D - a wand of light (0:14) O - a wand of light (0:10) A - a wand of lightning (0:7) N - a wand of magic missile (0:4) z - a wand of magic missile (0:3) J - a wand of magic missile (0:1) G - a wand of make invisible (0:6) t - a wand of opening (0:5) c - a wand of probing (0:7) I - a wand of speed monster (0:4) M - a wand of striking (0:5) H - a wand of striking (0:4) v - a wand of teleportation (0:6) C - a wand of teleportation (0:3) L - a wand of undead turning (0:7) Tools n - a magic marker (0:47) f - a +0 pick-axe x - an uncursed skeleton key w - an uncursed tin whistle Gems/Stones B - 3 uncursed worthless pieces of black glass MargeBouvier the Wizard's attributes: Background: You were a Thaumaturge, a level 7 female orcish Wizard. You were chaotic, on a mission for Anhur who was opposed by Ptah (lawful) and Thoth (neutral). You were in the Gnomish Mines, on level 6. You entered the dungeon 4968 turns ago. There was a full moon in effect when your adventure ended. You had 691 experience points, 589 more were needed to attain level 8. Basics: You had 0 out of 44 hit points. You had 46 out of 70 energy points (spell power). Your armor class was 1. Your wallet contained 32 zorkmids. Autopickup was off. Final Characteristics: Your strength was 10 (limit:18/50). Your dexterity was 13 (peak:15, limit:18). Your constitution was 19 (base:17, innate limit:18). Your intelligence was 13 (limit:16). Your wisdom was 12 (limit:16). Your charisma was 13 (limit:16). Final Status: You were not hungry. You were burdened; movement was slightly slowed. You were wielding a quarterstaff. You had basic skill with quarterstaff and could have enhanced that. Final Attributes: You were piously aligned. You were magic-protected. You were poison resistant. You were telepathic. You had infravision. You were guarded. You were lucky. You are dead. Miscellaneous: You never encountered a bones level. Total elapsed playing time was 34 minutes and 15 seconds. Major events: Turn 1: MargeBouvier the chaotic female orcish Wizard entered the dungeon 854: attained the rank of Conjurer (level 3) 1475: entered the Gnomish Mines 2833: attained the rank of Thaumaturge (level 6) 3006: reached Mine Town 3439: chose an elven dagger to be named "Sting" 4968: killed by a soldier ant Vanquished creatures: a large cat 3 watchmen a giant spider a gnome ruler a white unicorn a plains centaur a snake 9 fire ants a wood nymph a rock piercer a shrieker 4 gnome leaders 4 gnomish wizards 2 straw golems 4 floating eyes 11 dwarves a rothe a centipede a giant bat a wererat a werejackal an iguana 3 acid blobs 2 coyotes 2 gas spores 5 hobbits 3 manes a large kobold a hobgoblin a giant rat a brown mold a yellow mold a green mold 32 gnomes a gnome zombie 4 geckos 8 jackals 2 kobolds 2 goblins a sewer rat 2 grid bugs 4 lichens 6 newts 135 creatures vanquished. No species were genocided or became extinct. Voluntary challenges: You read items or engraved 33 times. You engraved Elbereth 12 times. You never genocided any monsters. You never polymorphed an object. You never changed form. You used no wishes. Achievements: You entered a shop. You attained the rank of Conjurer. You entered the Gnomish Mines. You attained the rank of Thaumaturge. You entered Minetown. You entered a temple. The Dungeons of Doom: levels 1 to 3 Level 1: Level 2: A wand shop, some fountains. Level 3: Stairs down to The Gnomish Mines. The Gnomish Mines: levels 4 to 9 Level 4: Level 5: Level 6: <- You were here. Final resting place for you, killed by a soldier ant. Level 7: Many shops, a temple, some fountains. Level 8: Level 9: Game over: ---------- / \ / REST \ / IN \ / PEACE \ / \ | MargeBouvier | | 32 Au | | killed by a | | soldier ant | | | | | | 2023 | *| * * * | * _________)/\\_//(\/(/\)/\//\/|_)_______ Goodbye MargeBouvier the Wizard... You died in The Gnomish Mines on dungeon level 6 with 3223 points, and 32 pieces of gold, after 4968 moves. You were level 7 with a maximum of 44 hit points when you died.